TOP OF THE 1ST |
Madison Bombers batting - Pitching for St Charles Sheens : RHP Toshikasu Kiyomizu
|
Pitching: RHP Toshikasu Kiyomizu
|
|
Batting: LHB Robin Hill
|
0-0: Ball 1-0: Ground out 6-3 (Groundball, 6M)
|
Batting: RHB Alonso Holguín
|
0-0: Ground out 1-3 (Groundball, 23)
|
Batting: LHB Seung-chun Mun
|
0-0: Ball 1-0: Foul Ball, location: 2F 1-1: Called Strike 1-2: Fly out, F5 (Popup, 5F)
|
Top of the 1st over - 0 run(s), 0 hit(s), 0 error(s), 0 left on base; Madison 0 - St Charles 0 |
BOTTOM OF THE 1ST |
St Charles Sheens batting - Pitching for Madison Bombers : LHP Bill Moore
|
Pitching: LHP Bill Moore
|
|
Batting: RHB Guillermo Sánchez
|
0-0: Called Strike 0-1: Fly out, F8 (Flyball, 8LD)
|
Batting: RHB Dan Tyler
|
0-0: Called Strike 0-1: Ball 1-1: Foul Ball, location: 2F 1-2: Fly out, F8 (Flyball, 89M)
|
Batting: RHB Júlio Figueroa
|
0-0: Ball 1-0: Ground out 6-3 (Groundball, 6)
|
Bottom of the 1st over - 0 run(s), 0 hit(s), 0 error(s), 0 left on base; Madison 0 - St Charles 0 |
TOP OF THE 2ND |
Madison Bombers batting - Pitching for St Charles Sheens : RHP Toshikasu Kiyomizu
|
Batting: LHB Mike Callahan
|
0-0: Swinging Strike 0-1: SOLO HOME RUN (Flyball, 89XD), Distance : 416 ft
|
Batting: RHB Sergio Márquez
|
0-0: Ball 1-0: Ball 2-0: Foul Ball, location: 2F 2-1: Foul Ball, location: 2F 2-2: Ball 3-2: SINGLE (Line Drive, 78M)
|
Batting: SHB Jorge Flores
|
0-0: Swinging Strike 0-1: Ball 1-1: Ball 2-1: Ground out 4-3 (Groundball, 4MD) Sergio Márquez to second
|
Batting: RHB Cris Fuentes
|
0-0: Ball 1-0: Swinging Strike 1-1: Called Strike 1-2: Foul Ball, location: 2F 1-2: Ground out 5-3 (Groundball, 5L)
|
Batting: RHB Guo-xiu Choi
|
0-0: Reached on error, E6 (Groundball, 6) Sergio Márquez scores
|
Batting: SHB Dave MacThomas
|
0-0: Called Strike 0-1: Ball 1-1: Ball 2-1: Ball 3-1: Foul Ball, location: 2F 3-2: Ground out 6-3 (Groundball, 6)
|
Top of the 2nd over - 2 run(s), 2 hit(s), 1 error(s), 1 left on base; Madison 2 - St Charles 0 |
BOTTOM OF THE 2ND |
St Charles Sheens batting - Pitching for Madison Bombers : LHP Bill Moore
|
Batting: RHB Judson Backstrom
|
0-0: Foul Ball, location: 2F 0-1: Ground out 5-3 (Groundball, 5S)
|
Batting: RHB Kel Pierce
|
0-0: Swinging Strike 0-1: Ball 1-1: Called Strike 1-2: SINGLE (Flyball, 9LS)
|
Batting: LHB Bob Ware
|
0-0: Ball 1-0: Called Strike 1-1: Foul Ball, location: 2F 1-2: Ball 2-2: Ball 3-2: 2-RUN HOME RUN (Flyball, 89XD), Distance : 428 ft
|
Batting: RHB Max Rash
|
0-0: Fly out, F4 (Line Drive, 4)
|
Batting: LHB Gene Cooper
|
0-0: Called Strike 0-1: Ball 1-1: Ball 2-1: Foul Ball, location: 2F 2-2: Fly out, F8 (Flyball, 8RM)
|
Bottom of the 2nd over - 2 run(s), 2 hit(s), 0 error(s), 0 left on base; Madison 2 - St Charles 2 |
TOP OF THE 3RD |
Madison Bombers batting - Pitching for St Charles Sheens : RHP Toshikasu Kiyomizu
|
Batting: LHB Robin Hill
|
0-0: Called Strike 0-1: Ground out 4-3 (Groundball, 4)
|
Batting: RHB Alonso Holguín
|
0-0: Ball 1-0: Called Strike 1-1: Swinging Strike 1-2: Ball 2-2: Ball 3-2: Ground out 3-1 (Groundball, 34)
|
Batting: LHB Seung-chun Mun
|
0-0: Ground out 6-3 (Groundball, 6)
|
Top of the 3rd over - 0 run(s), 0 hit(s), 0 error(s), 0 left on base; Madison 2 - St Charles 2 |
BOTTOM OF THE 3RD |
St Charles Sheens batting - Pitching for Madison Bombers : LHP Bill Moore
|
Batting: SHB Theron Harper
|
0-0: Called Strike 0-1: Ball 1-1: Foul Ball, location: 2F 1-2: Strikes out looking
|
Batting: RHB Guillermo Sánchez
|
0-0: Ball 1-0: Foul Ball, location: 2F 1-1: Swinging Strike 1-2: Foul Ball, location: 2F 1-2: Reached on error, E4 (Groundball, 4)
|
Batting: RHB Dan Tyler
|
0-0: Foul Ball, location: 2F 0-1: Foul Ball, location: 2F 0-2: Ball 1-2: Ball 2-2: Foul Ball, location: 2F 2-2: Foul Ball, location: 2F 2-2: Fly out, F4 (Popup, 34D)
|
Batting: RHB Júlio Figueroa
|
0-0: Ball 1-0: Called Strike 1-1: Ball 2-1: Ball 3-1: Called Strike 3-2: Ground out 6-3 (Groundball, 56)
|
Bottom of the 3rd over - 0 run(s), 0 hit(s), 1 error(s), 1 left on base; Madison 2 - St Charles 2 |
TOP OF THE 4TH |
Madison Bombers batting - Pitching for St Charles Sheens : RHP Toshikasu Kiyomizu
|
Batting: LHB Mike Callahan
|
0-0: Reached on error, E5 (Groundball, 56S)
|
Batting: RHB Sergio Márquez
|
0-0: Ball 1-0: Foul Ball, location: 2F 1-1: Ball 2-1: Ball 3-1: Base on Balls Mike Callahan to second
|
Batting: SHB Jorge Flores
|
0-0: SINGLE (Groundball, 56D) (infield hit) Mike Callahan to third Sergio Márquez to second
|
Batting: RHB Cris Fuentes
|
0-0: Foul Ball, location: 2F 0-1: Ball 1-1: Ball 2-1: Ball 3-1: Fly out, F9 (Line Drive, 9M) Runner from 3rd tags up, SCORES, throw made
|
Batting: RHB Guo-xiu Choi
|
0-0: Ball 1-0: Ball 2-0: Ball 3-0: Called Strike 3-1: Base on Balls Sergio Márquez to third Jorge Flores to second
|
Batting: SHB Dave MacThomas
|
0-0: Ball 1-0: Ball 2-0: Foul Ball, location: 2F 2-1: Fly out, F3 (Popup, 3F)
|
Batting: LHB Robin Hill
|
0-0: Ball 1-0: Ball 2-0: Ground out 4-3 (Groundball, 4)
|
Top of the 4th over - 1 run(s), 1 hit(s), 1 error(s), 3 left on base; Madison 3 - St Charles 2 |
BOTTOM OF THE 4TH |
St Charles Sheens batting - Pitching for Madison Bombers : LHP Bill Moore
|
Batting: RHB Judson Backstrom
|
0-0: Ball 1-0: SOLO HOME RUN (Flyball, 7D), Distance : 395 ft
|
Batting: RHB Kel Pierce
|
0-0: Called Strike 0-1: Foul Ball, location: 2F 0-2: Ball 1-2: Fly out, F8 (Flyball, 8RM)
|
Batting: LHB Bob Ware
|
0-0: Called Strike 0-1: Ball 1-1: Ball 2-1: Ball 3-1: Foul Ball, location: 2F 3-2: Foul Ball, location: 2F 3-2: Ground out 1-3 (Groundball, 15S)
|
Batting: RHB Max Rash
|
0-0: Called Strike 0-1: Foul Ball, location: 2F 0-2: Ball 1-2: Foul Ball, location: 2F Reached via error on a dropped throw, E3
|
Batting: LHB Gene Cooper
|
0-0: Ball 1-0: Ball 2-0: Foul Ball, location: 2F 2-1: Foul Ball, location: 2F 2-2: Foul Ball, location: 2F 2-2: Ball 3-2: Fly out, F7 (Flyball, 78S)
|
Bottom of the 4th over - 1 run(s), 1 hit(s), 1 error(s), 1 left on base; Madison 3 - St Charles 3 |
TOP OF THE 5TH |
Madison Bombers batting - Pitching for St Charles Sheens : RHP Toshikasu Kiyomizu
|
Batting: RHB Alonso Holguín
|
0-0: Ball 1-0: DOUBLE (Flyball, 78M)
|
Batting: LHB Seung-chun Mun
|
0-0: Called Strike 0-1: Foul Ball, location: 2F 0-2: Ball 1-2: Fly out, F8 (Flyball, 8RD) Runner from 2nd tags up, SAFE at 3rd, no throw
|
Batting: LHB Mike Callahan
|
0-0: Ball 1-0: Ball 2-0: Fly out, F8 (Flyball, 8LD) Runner from 3rd tags up, SCORES, no throw
|
Batting: RHB Sergio Márquez
|
0-0: Called Strike 0-1: Foul Ball, location: 2F 0-2: Ball 1-2: Ground out 5-3 (Groundball, 5S)
|
Top of the 5th over - 1 run(s), 1 hit(s), 0 error(s), 0 left on base; Madison 4 - St Charles 3 |
BOTTOM OF THE 5TH |
St Charles Sheens batting - Pitching for Madison Bombers : LHP Bill Moore
|
Batting: SHB Theron Harper
|
0-0: Bunt missed! 0-1: Ball 1-1: Foul Ball, location: 2F 1-2: Ball 2-2: Ball 3-2: Ground out 4-3 (Groundball, 4M)
|
Batting: RHB Guillermo Sánchez
|
0-0: Swinging Strike 0-1: SINGLE (Groundball, 6MD)
|
Batting: RHB Dan Tyler
|
0-0: DOUBLE (Groundball, 5L) Guillermo Sánchez to third
|
Batting: RHB Júlio Figueroa
|
0-0: Swinging Strike 0-1: Ball 1-1: Ball 2-1: Fly out, F8 (Line Drive, 8LD) Runner from 3rd tags up, SCORES, no throw
|
Batting: RHB Judson Backstrom
|
0-0: Ball 1-0: Ball 2-0: Foul Ball, location: 2F 2-1: Ground out 4-3 (Groundball, 4)
|
Bottom of the 5th over - 1 run(s), 2 hit(s), 0 error(s), 1 left on base; Madison 4 - St Charles 4 |
TOP OF THE 6TH |
Madison Bombers batting - Pitching for St Charles Sheens : RHP Toshikasu Kiyomizu
|
Batting: SHB Jorge Flores
|
0-0: Called Strike 0-1: Ball 1-1: Foul Ball, location: 2F 1-2: Foul Ball, location: 2F 1-2: Foul Ball, location: 2F 1-2: Foul Ball, location: 2F 1-2: Strikes out swinging
|
Batting: RHB Cris Fuentes
|
0-0: Called Strike 0-1: Swinging Strike 0-2: Ground out 1-3 (Groundball, 23)
|
Batting: RHB Guo-xiu Choi
|
0-0: Ball 1-0: Called Strike 1-1: Foul Ball, location: 2F 1-2: Strikes out swinging
|
Top of the 6th over - 0 run(s), 0 hit(s), 0 error(s), 0 left on base; Madison 4 - St Charles 4 |
BOTTOM OF THE 6TH |
St Charles Sheens batting - Pitching for Madison Bombers : LHP Bill Moore
|
Batting: RHB Kel Pierce
|
0-0: Ball 1-0: Ball 2-0: Swinging Strike 2-1: Swinging Strike 2-2: Foul Ball, location: 2F 2-2: Strikes out swinging
|
Batting: LHB Bob Ware
|
0-0: Called Strike 0-1: Ground out 5-3 (Groundball, 56)
|
Batting: RHB Max Rash
|
0-0: Swinging Strike 0-1: Swinging Strike 0-2: Ball
|
|
|
|
1-2: Foul Ball, location: 2F 1-2: Ball 2-2: Ball 3-2: Ground out 6-3 (Groundball, 6)
|
Bottom of the 6th over - 0 run(s), 0 hit(s), 0 error(s), 0 left on base; Madison 4 - St Charles 4 |
TOP OF THE 7TH |
Madison Bombers batting - Pitching for St Charles Sheens : RHP Toshikasu Kiyomizu
|
Pitching: RHP Paco Canpos
|
|
Batting: SHB Dave MacThomas
|
0-0: Ground out 5-3 (Groundball, 5S)
|
Pitching: LHP Rubén Martínez
|
|
Batting: LHB Robin Hill
|
0-0: Ball 1-0: Fly out, F6 (Popup, 56)
|
Batting: RHB Alonso Holguín
|
0-0: Swinging Strike 0-1: Swinging Strike 0-2: Ball 1-2: Ground out 5-3 (Groundball, 5)
|
Top of the 7th over - 0 run(s), 0 hit(s), 0 error(s), 0 left on base; Madison 4 - St Charles 4 |
BOTTOM OF THE 7TH |
St Charles Sheens batting - Pitching for Madison Bombers : LHP Bill Moore
|
Pitching: RHP Ramiro Rivera
|
|
Batting: LHB Gene Cooper
|
0-0: SINGLE (Groundball, 34S)
|
Batting: SHB Theron Harper
|
0-0: Bunted foul 0-1: Ball 1-1: Ball 2-1: Sac Bunt - play at first, batter safe! Gene Cooper to second
|
Pinch Hitting: LHB Stan Bates
|
0-0: Grounds into double play, 1-6-3 (Groundball, 13) Gene Cooper to third
|
Batting: RHB Dan Tyler
|
0-0: Called Strike 0-1: Ball 1-1: Fly out, F4 (Line Drive, 4)
|
Bottom of the 7th over - 0 run(s), 2 hit(s), 0 error(s), 1 left on base; Madison 4 - St Charles 4 |
TOP OF THE 8TH |
Madison Bombers batting - Pitching for St Charles Sheens : LHP Rubén Martínez
|
Now in RF: Jason Lambert
|
|
Batting: LHB Seung-chun Mun
|
0-0: Called Strike 0-1: Foul Ball, location: 2F 0-2: Foul Ball, location: 2F 0-2: Ball 1-2: Strikes out swinging
|
Pitching: LHP Shan Liu
|
|
Pinch Hitting: RHB Vicente Aguirre
|
0-0: Ball 1-0: Swinging Strike 1-1: Ball 2-1: Ball 3-1: Foul Ball, location: 2F 3-2: Fly out, F4 (Line Drive, 4)
|
Pitching: RHP Juan Rivera
|
|
Batting: RHB Sergio Márquez
|
0-0: Foul Ball, location: 2F 0-1: Ball 1-1: DOUBLE (Line Drive, 9LS)
|
Pinch Hitting: LHB Sixto Cantú
|
0-0: Ball 1-0: SINGLE (Groundball, 34) Sergio Márquez to third Runner from 3rd tries for Home, SAFE, no throw or cutoff
|
Batting: RHB Cris Fuentes
|
0-0: Called Strike 0-1: Ball 1-1: Ball 2-1: Ball 3-1: Base on Balls Sixto Cantú to second
|
Pinch Runner at 2nd José Santos:
|
|
Batting: RHB Guo-xiu Choi
|
0-0: Called Strike 0-1: Ball 1-1: Called Strike 1-2: Ball 2-2: Strikes out swinging
|
Top of the 8th over - 1 run(s), 2 hit(s), 0 error(s), 2 left on base; Madison 5 - St Charles 4 |
BOTTOM OF THE 8TH |
St Charles Sheens batting - Pitching for Madison Bombers : RHP Ramiro Rivera
|
Pitching: RHP Arturo Leal
|
|
Now at 1B: Vicente Aguirre
|
|
Now at 2B: Quinton Martínez
|
|
Batting: RHB Júlio Figueroa
|
0-0: Ball 1-0: Ground out 6-3 (Groundball, 6)
|
Batting: RHB Judson Backstrom
|
0-0: Ball 1-0: Ball 2-0: Ball 3-0: Base on Balls
|
Batting: RHB Kel Pierce
|
0-0: Swinging Strike 0-1: Ball 1-1: Swinging Strike 1-2: Foul Ball, location: 2F 1-2: Ball 2-2: Ball 3-2: Foul Ball, location: 2F 3-2: Foul Ball, location: 2F 3-2: Grounds into double play, 4-6-3 (Groundball, 4)
|
Bottom of the 8th over - 0 run(s), 0 hit(s), 0 error(s), 0 left on base; Madison 5 - St Charles 4 |
TOP OF THE 9TH |
Madison Bombers batting - Pitching for St Charles Sheens : RHP Juan Rivera
|
Batting: SHB Dave MacThomas
|
0-0: Ball 1-0: Ball 2-0: Foul Ball, location: 2F 2-1: Swinging Strike 2-2: Fly out, F9 (Popup, 4D)
|
Batting: LHB Robin Hill
|
0-0: Ball 1-0: Called Strike 1-1: Called Strike 1-2: SINGLE (Flyball, 7LS)
|
Batting: RHB Alonso Holguín
|
0-0: Ball 1-0: Swinging Strike 1-1: Ball Robin Hill steals 2nd base 2-1: Foul Ball, location: 2F 2-2: DOUBLE (Groundball, 5L) Robin Hill scores
|
Batting: LHB Seung-chun Mun
|
0-0: Intentional Walk
|
Pitching: RHP Álex Villegas
|
|
Batting: RHB Vicente Aguirre
|
0-0: Called Strike 0-1: Ground out 3-1 (Groundball, 34S) Alonso Holguín to third Seung-chun Mun to second
|
Batting: RHB Sergio Márquez
|
0-0: Ball 1-0: DOUBLE (Flyball, 7LS) Alonso Holguín scores Seung-chun Mun scores
|
Batting: RHB Quinton Martínez
|
0-0: Called Strike 0-1: Swinging Strike 0-2: Ball 1-2: Strikes out looking
|
Top of the 9th over - 3 run(s), 3 hit(s), 0 error(s), 1 left on base; Madison 8 - St Charles 4 |
BOTTOM OF THE 9TH |
St Charles Sheens batting - Pitching for Madison Bombers : RHP Arturo Leal
|
Pitching: RHP Alonso Gallardo
|
|
Batting: LHB Bob Ware
|
0-0: Called Strike 0-1: Ball 1-1: Ball 2-1: SOLO HOME RUN (Flyball, 9LD), Distance : 365 ft
|
Batting: RHB Max Rash
|
0-0: Called Strike 0-1: Ball 1-1: Foul Ball, location: 2F 1-2: Ball 2-2: Ground out 6-3 (Groundball, 6)
|
Batting: LHB Gene Cooper
|
0-0: Ball 1-0: Ball 2-0: Ball 3-0: Base on Balls
|
Batting: SHB Theron Harper
|
0-0: Called Strike 0-1: Ball 1-1: Called Strike 1-2: Strikes out swinging
|
Batting: LHB Jason Lambert
|
0-0: Called Strike 0-1: Fly out, F7 (Flyball, 7D)
|
Bottom of the 9th over - 1 run(s), 1 hit(s), 0 error(s), 1 left on base; Madison 8 - St Charles 5 |
|
Monday, December 5th, 2016 - OOTP Baseball 17.12 Build 75
|
|